 Dungeon Crawl Stone Soup version 0.26.0-10-g1f06aea511 (webtiles) character file.

Game seed: 15381218488518874057

26 Goblin1989 the Sneak (level 2, -1/24 HPs)
             Began as a Demonspawn Delver on Jan 23, 2021.
             Was an Initiate of Trog.
             Slain by a kobold
             ... wielding a +0 dagger
              (2 damage)
             ... on level 2 of the Dungeon.
             The game lasted 00:01:59 (645 turns).

Goblin1989 the Sneak (Demonspawn Delver)             Turns: 645, Time: 00:02:00

Health: -1/24      AC:  5    Str: 12    XL:     2   Next: 89%
Magic:  2/2        EV: 12    Int: 11    God:    Trog [......]
Gold:   5          SH:  0    Dex: 14    Spells: 1/1 levels left

rFire    . . .     SeeInvis .   a - +0 mace
rCold    . . .     Faith    .   (no shield)
rNeg     . . .     Spirit   .   b - +0 leather armour
rPois    .         Reflect  .   (no helmet)
rElec    .         Harm     .   (no cloak)
rCorr    .         Rampage  .   (no gloves)
Will     .....                  (no boots)
Stlth    ++........             (no amulet)
HPRegen  0.08/turn              (no ring)
MPRegen  0.08/turn              (no ring)

@: lethally poisoned (-1 -> -9)
A: slimy green scales 1
a: Renounce Religion


You were on level 2 of the Dungeon.
You worshipped Trog.
Trog was noncommittal.
You visited 1 branch of the dungeon, and saw 4 of its levels.

You collected 5 gold pieces.

Inventory:

Hand Weapons
 a - a +0 mace (weapon)
Armour
 b - a +0 leather armour (worn)
Wands
 g - a wand of digging (3) {@v1}
Scrolls
 c - a scroll of fog
 e - a scroll of fear
 M - a scroll of magic mapping
Potions
 f - a potion of haste {@q3,}


   Skills:
 - Level 3.0 Fighting
 + Level 3.1 Maces & Flails
 - Level 1.7 Dodging
 - Level 4.5 Stealth


You had one spell level left.
You didn't know any spells.
Your spell library was empty.

Dungeon Overview and Level Annotations

Branches:
Dungeon (5/15)
 Temple: D:4-7

Altars:
Trog


Innate Abilities, Weirdness & Mutations

You are partially covered in slimy green scales. (AC +2)


Message History

You regained 2 hp, and now have 9/24 hp.
MP restored: 2 You feel sick.
You take 1 damage, and have 8/24 hp.
Found 5 sling bullets.
A hobgoblin and a kobold come into view.
The kobold shouts!
The hobgoblin shouts!
You feel sick.
You take 1 damage, and have 8/24 hp.
Found a bloodstained altar of Trog.
You hit the hobgoblin.
The hobgoblin is heavily wounded.
The kobold barely misses you. The hobgoblin closely misses you.
The kobold closely misses you.
You closely miss the hobgoblin.
The hobgoblin is heavily wounded.
The hobgoblin barely misses you. The kobold misses you.
You hit the hobgoblin.
The hobgoblin is almost dead.
You feel sick. The hobgoblin misses you.
The kobold hits you but does no damage.
You take 1 damage, and have 7/24 hp.
You barely miss the hobgoblin.
The hobgoblin is almost dead.
The hobgoblin hits you but does no damage.
The kobold hits you but does no damage. The hobgoblin barely misses you.
You hit the hobgoblin.
You kill the hobgoblin!
The kobold hits you but does no damage. x2
You hit the kobold.
The kobold is heavily wounded.
You feel sick.
You are no longer poisoned.
The kobold hits you but does no damage.
You take 1 damage, and have 6/24 hp.
You sock the kobold!
You kill the kobold!
You see here a +0 dagger.
There is a bloodstained altar of Trog here.
You kneel at the altar of Trog.
Trog welcomes you! The worm closely misses you.
You see here a +0 dagger.
You see here an adder corpse.
A kobold comes into view. It is wielding a +0 dagger.
The kobold shouts!
The hobgoblin shouts!
An adder comes into view.
The adder hisses angrily.
You hit the hobgoblin.
The hobgoblin is heavily wounded.
The hobgoblin hits you but does no damage.
You hit the hobgoblin.
The hobgoblin is severely wounded.
The hobgoblin barely misses you.
You hit the hobgoblin.
You kill the hobgoblin!
Trog accepts your kill. The adder misses you.
You hit the adder.
The adder is heavily wounded.
The adder bites you.
* * * LOW HITPOINT WARNING * * *
The adder barely misses you.
You take 1 damage, and have 9/24 hp.
You hit the adder.
The adder is severely wounded.
The adder closely misses you.
You hit the adder.
The adder is almost dead.
The adder bites you but does no damage. The adder bites you.
* * * LOW HITPOINT WARNING * * *
You are lethally poisoned!
The adder poisons you!
You take 4 damage, and have 5/24 hp.
Your leather armour prevents you from hitting the adder.
The adder is almost dead.
* * * LOW HITPOINT WARNING * * *
You feel sick. The adder bites you.
* * * LOW HITPOINT WARNING * * *
You are more poisoned.
The adder poisons you! The adder misses you.
You take 1 damage, and have 4/24 hp.
You hit the adder.
You kill the adder!
Trog accepts your kill.
* * * LOW HITPOINT WARNING * * *
You feel sick. The kobold misses you.
Your Maces & Flails skill increases to level 3!
You take 1 damage, and have 3/24 hp.
You hit the kobold.
The kobold is moderately wounded.
* * * LOW HITPOINT WARNING * * *
You feel sick. The kobold misses you.
You take 1 damage, and have 2/24 hp.
You hit the kobold but do no damage.
The kobold is moderately wounded.
* * * LOW HITPOINT WARNING * * *
You feel sick. The kobold hits you with a +0 dagger.
You die... █.█ ██.. ████.█ █... █....█ █... █.████ █... █.█ ██.. █.█ █..) █.█ █... █.█ ███████████████

█..w █.█
█.....@K......█ ██..
█.█ █.███████████.█ ██.
█.█ █.█ .. █.█ █.
█.████.█
███∆█g████████.
█....█.█
█...........w..
████.█.█
█...........███ █.█.█
██.█.K.........█
█.█.█.g...............█
█........?............█


You could see a kobold.

Vanquished Creatures
  2 adders (D:2)
  2 hobgoblins (D:2)
  A kobold (D:2)
  A frilled lizard (D:2)
  A goblin (D:2)
  3 rats
10 creatures vanquished.

Notes
Turn   | Place    | Note
-------+----------+-------------------------------------------
     0 | D:5      | Goblin1989 the Demonspawn Delver began the quest for the
                  | Orb.
     0 | D:5      | Reached XP level 1. HP: 18/18 MP: 1/1
   581 | D:2      | Gained mutation: You are partially covered in slimy green
                  | scales. (AC +2) [demonic ancestry]
   581 | D:2      | Reached XP level 2. HP: 9/24 MP: 2/2
   586 | D:2      | Found a bloodstained altar of Trog.
   601 | D:2      | Became a worshipper of Trog the Wrathful
   645 | D:2      | HP: 1/24 [poisoned by an adder]
   645 | D:2      | Slain by a kobold

Illustrated notes

Levels and vault maps discovered:
D:2:      layout_basic, makhleb_blood_cavern_becter, marbit_many_paths
D:3:      layout_basic, minitemple, st_stairs_1, minmay_fractal_squares_5
D:4:      layout_gridville, serial_shops, shop, grunt_decor_resistance,
          grunt_dithmenos_shadows
D:5:      layout_loops_ring, ebering_ghost_inner_flame, okawaru_metal_pillars_3

Skill      XL: |  1  2 |
---------------+-------+-----
Maces & Flails | 2 3 |  3.1
Fighting       | |  3.0
Dodging        | |  1.7
Stealth        | |  4.5

Action                   || total
-------------------------++-------
Melee: Mace              ||    44
 Stab: Sleeping          ||     3
Armor: Leather armour    ||     9
Dodge: Dodged            ||    35
